 Dungeon Crawl Stone Soup version 0.16-a0-4123-g49b462e (console) character file.

66 MrRokkomies the Insei (level 4, -3/32 HPs)
             Began as a Human Transmuter on Mar 2, 2015.
             Was an Initiate of Okawaru.
             Slain by a gnoll
             ... wielding a +0 flail
              (10 damage)
             ... on level 2 of the Dungeon.
             The game lasted 00:10:42 (1683 turns).

MrRokkomies the Insei (Human Transmuter)            Turns: 1683, Time: 00:10:42

Health: -3/32      AC:  5    Str: 12    XL:     4   Next: 37%
Magic:  5/7        EV: 12    Int: 13    God:    Okawaru [......]
Gold:   132        SH:  0    Dex: 18    Spells: 3 memorised, 1 level left

rFire  . . .     SeeInvis .       - Unarmed
rCold  . . .     Clarity  .     p - +0 ring mail
rNeg   . . .     SustAb   .     (no shield)
rPois  .         Gourm    .     (no helmet)
rElec  .         Spirit   .     (no cloak)
rCorr  .         Warding  .     (no gloves)
rMut   .         Stasis   .     (no boots)
MR     .....                    (no amulet)
Stlth  +.........               (no ring)
                                m - +5 ring of dexterity

@: very slightly contaminated, not resistant to hostile enchantments, very
unstealthy
A: no striking features
a: Renounce Religion


You were on level 2 of the Dungeon.
You worshipped Okawaru.
Okawaru was noncommittal.
You were not hungry.

You visited 1 branch of the dungeon, and saw 3 of its levels.

You collected 132 gold pieces.

Inventory:

Missiles
 b - 12 arrows
 o - 31 stones (quivered)
Armour
 p - a +0 ring mail (worn)
Jewellery
 g - an uncursed amulet of warding
 m - a +5 ring of dexterity (left hand)
 q - an uncursed amulet of clarity
Scrolls
 c - a scroll of enchant armour {unknown}
 e - 6 scrolls of identify
 h - 3 scrolls of remove curse
 i - 2 scrolls of teleportation
Potions
 j - 2 potions of brilliance
 n - a potion of ambrosia
 s - a potion of poison {unknown}
Books
 d - a book of Changes

   Spells                             Type                      Level
   a - Beastly Appendage              Transmutation                1
   b - Sticks to Snakes               Transmutation                2
   c - Spider Form                    Transmutation/Poison         3
   d - Ice Form                       Ice/Transmutation            4
   e - Blade Hands                    Transmutation                5
Comestibles
 a - a bread ration
 f - 3 meat rations
 k - a slice of pizza
 l - 3 fruits
 r - a royal jelly


   Skills:
 - Level 1.0 Fighting
 * Level 3.3 Dodging
 * Level 3.7 Unarmed Combat
 - Level 2.0 Spellcasting
 + Level 2.4 Transmutations


You had one spell level left.
You knew the following spells:

 Your Spells              Type           Power        Failure   Level  Hunger
a - Beastly Appendage     Trmt           #.....       24%         1    ##.....
b - Sticks to Snakes      Trmt           #.........   38%         2    ###....
c - Spider Form           Trmt/Pois      #.........   92%         3    ####...


Dungeon Overview and Level Annotations

Branches:
Dungeon (3/15)

Altars:
Okawaru


Message History

You hit the gnoll but do no damage.
The gnoll is heavily wounded.
The gnoll hits you but does no damage.
You hit the gnoll.
The gnoll is severely wounded.
The gnoll barely misses you.
You hit the gnoll.
You kill the gnoll!
Okawaru accepts your kill.
Your talons disappear.
You hit the gnoll.
The gnoll is lightly wounded.
The gnoll hits you with a flail!
* * * LOW HITPOINT WARNING * * *
You are too injured to fight recklessly!
You are too injured to fight recklessly!
You are too injured to fight recklessly!
Put on which piece of jewellery? (? for menu, Esc to quit)
You remove your amulet of clarity.
The gnoll hits you with a flail!
You die...

####.# #........# #.#
########.# #.# #.#.######
#.# #........# #######
#.########.#.####.# #......
#...............#.# #.#####
###########..##.#.####.##...
#.........)..........†
#.###>..............## #.#
#g###.####.####.## #.#
#@###.#....# #..# #)#
#.#...#.#######..# #.#
#.#.#............. #.#
#.#.#.#.#########. #.#
#.#.#...........). #.#
#.#.#.)########### #.#
#.#.#..######## #
#.###.#.#.........# #
#.....#.#########.#
#######...........#
#####.#.##..#


You could see a gnoll.

Vanquished Creatures
  A gnoll (D:2)
  A worm (D:2)
  2 giant geckos
  3 bats
  2 giant cockroaches
  7 goblins
  8 hobgoblins
  4 jackals (D:2)
  A quokka (D:2)
  2 giant newts (D:1)
  7 kobolds
  6 rats
44 creatures vanquished.

Notes
Turn   | Place    | Note
--------------------------------------------------------------
     0 | D:1      | MrRokkomies, the Human Transmuter, began the quest for the Orb.
     0 | D:1      | Reached XP level 1. HP: 15/15 MP: 3/3
   138 | D:1      | Reached XP level 2. HP: 16/21 MP: 2/4
   184 | D:1      | Found an iron altar of Okawaru.
   202 | D:1      | Became a worshipper of Warmaster Okawaru
   482 | D:1      | Reached XP level 3. HP: 26/26 MP: 6/6
  1237 | D:2      | Learned a level 2 spell: Sticks to Snakes
  1241 | D:2      | Learned a level 3 spell: Spider Form
  1347 | D:2      | Reached XP level 4. HP: 29/32 MP: 7/7
  1683 | D:2      | Slain by a gnoll

Action                   |  1- 3 |  4- 6 || total
-------------------------+-------+-------++-------
Melee: Unarmed           |   149 |    39 ||   188
Throw: Stone             |     9 |       ||     9
 Cast: Beastly Appendage |    12 |     1 ||    13
  Use: Scroll            |     6 |     2 ||     8
  Eat: Chunk             |     2 |     1 ||     3
